 Dungeon Crawl Stone Soup version 0.24-a0-415-g6d73c25c48 (webtiles) character file.

Game seed: 11184002723697731872

171 ohad the Magician (level 5, 0/33 HPs)
             Began as an Octopode Transmuter on June 7, 2019.
             Slain by a bullfrog (7 damage)
             ... in a sewer.
             The game lasted 00:06:38 (3117 turns).

ohad the Magician (Octopode Transmuter)             Turns: 3117, Time: 00:06:38

Health: 0/33       AC:  1    Str: 14    XL:     5   Next: 51%
Magic:  8/10       EV: 13    Int: 17    God:
Gold:   119        SH:  0    Dex: 12    Spells: 1/11 levels left

rFire    . . .     SeeInvis .   e - +1 short sword (venom)
rCold    . . .     Gourm    .   (no shield)
rNeg     . . .     Faith    .   (helmet restricted)
rPois    +         Spirit   .   (no amulet)
rElec    .         Reflect  .   j - ring of poison resistance
rCorr    .         Harm     .   m - +5 ring of strength
MR       .....                  (no ring)
Stlth    ++........             (no ring)
HPRegen  0.11/turn              (no ring)
MPRegen  0.12/turn              (no ring)
                                (no ring)
                                (no ring)

@: very slightly contaminated
A: almost no armour, stealthy swim, amphibious, 8 rings, constrict 8, camouflage
1, gelatinous body 1
a: no special abilities


You were in a sewer.
You were not hungry.

You visited 1 branch of the dungeon, and saw 3 of its levels.
You also visited: Sewer.

You collected 119 gold pieces.

Inventory:

Hand Weapons
 e - a +1 short sword of venom (weapon)
Missiles
 a - 35 arrows
Jewellery
 j - a ring of poison resistance (left tentacle)
 m - a +5 ring of strength (right tentacle)
Scrolls
 d - 2 scrolls of fog {unknown}
 f - a scroll of blinking
 h - a scroll of immolation
 l - a scroll of magic mapping {unknown}
 n - a scroll of fear {unknown}
Potions
 g - a potion of brilliance {unknown}
 i - a potion of flight {unknown}
 k - 2 potions of might {unknown}
 o - 2 potions of agility
 p - 2 potions of curing
 q - a potion of heal wounds {unknown}
Comestibles
 b - 2 chunks of flesh
 c - 7 rations


   Skills:
 - Level 1.0 Fighting
 - Level 2.0 Dodging
 - Level 3.0 Unarmed Combat
 + Level 3.9 Spellcasting
 + Level 3.7 Transmutations
 * Level 1.3 Ice Magic


You had one spell level left.
You knew the following spells:

 Your Spells              Type           Power        Failure   Level  Hunger
a - Beastly Appendage     Tmut           ###...       3%          1    None
b - Sticks to Snakes      Tmut           ###.....     5%          2    ##.....
c - Spider Form           Tmut/Pois      #.........   22%         3    ###....
d - Ice Form              Ice/Tmut       ##......     50%         4    ####...

Your spell library contained the following spells:

 Spells                   Type           Power        Failure   Level  Hunger
 Blade Hands              Tmut           ###.......   67%         5    ######.


Dungeon Overview and Level Annotations

Branches:
Dungeon (3/15)

Altars:
Elyvilon
Okawaru


Innate Abilities, Weirdness & Mutations

You cannot wear most types of armour.
You are very stealthy in the water. (Stealth+)
You are amphibious.
You can wear up to eight rings at the same time.
You can use your tentacles to constrict eight enemies at once.
Your skin changes colour to match your surroundings (Stealth+).
Your rubbery body absorbs attacks. (AC +1, EV +1)


Message History

The bullfrog hits you. The ball python closely misses you.
The ball python constricts you. The bullfrog hits you.
The ball python bites you. The adder bites you.
* * * LOW HITPOINT WARNING * * *
The bullfrog hits you.
* * * LOW HITPOINT WARNING * * *
The ball python misses you.
* * * LOW HITPOINT WARNING * * *
The ball python constricts you.
Okay, then.
Blink to where?
Press: ? - help, Dir - move target cursor You escape the ball python's grasp.
Floosh!
You are very lightly contaminated with residual magic.
As you read the scroll of blinking, it crumbles to dust.
The bullfrog misses you. The bullfrog misses you. The bullfrog hits you!
You die...

≈≈≈≈≈≈≈≈≈≈≈≈≈#.###
≈≈lS..≈#≈≈≈≈≈≈...##
≈lJ#≈≈≈≈≈≈≈≈≈≈....#
≈≈≈≈≈≈≈≈≈≈≈≈≈≈....#
≈≈≈≈≈≈≈≈S≈≈≈≈S....##
≈≈≈≈≈≈≈≈≈≈≈≈≈#.S÷.†#
###############S...#
####FF.## #..#@...#
#..'....# #####...#
##...##
###############....#
≈≈≈≈≈≈≈≈≈≈≈≈≈#.....#
≈≈≈≈≈≈≈≈≈≈≈≈≈≈....##
≈≈≈≈≈≈)≈≈≈≈≈≈≈....#
≈≈≈≈≈≈.≈≈†÷≈†≈....#


You could see 2 bullfrogs, an adder and 2 ball pythons.

Vanquished Creatures
  7 adders
  3 river rats (Sewer)
  2 worms
  A dart slug (D:3)
  A leopard gecko (D:1)
  4 bats (D:1)
  3 giant cockroaches
  5 goblins
  6 hobgoblins
  2 jackals (D:1)
  3 kobolds (D:1)
  A quokka (D:3)
  8 ball pythons
  5 frilled lizards
  35 rats
86 creatures vanquished.

Notes
Turn   | Place    | Note
-------+----------+-------------------------------------------
     0 | D:1      | ohad the Octopode Transmuter began the quest for the Orb.
     0 | D:1      | Reached XP level 1. HP: 13/13 MP: 3/3
   170 | D:1      | Reached XP level 2. HP: 12/18 MP: 3/5
  1411 | D:1      | Learned a level 2 spell: Sticks to Snakes
  1461 | D:2      | Reached XP level 3. HP: 23/23 MP: 7/7
  1795 | D:2      | Found a white marble altar of Elyvilon.
  1941 | D:2      | Learned a level 3 spell: Spider Form
  2213 | D:3      | Found an iron altar of Okawaru.
  2221 | D:3      | Reached XP level 4. HP: 19/28 MP: 6/8
  2544 | D:3      | Found a glowing drain.
  2550 | Sewer    | Entered a sewer
  2730 | Sewer    | Learned a level 4 spell: Ice Form
  2812 | Sewer    | Reached XP level 5. HP: 33/33 MP: 10/10
  2935 | Sewer    | Reached skill level 1 in Ice Magic
  3117 | Sewer    | Slain by a bullfrog

Levels and vault maps discovered:
D:1:      tarquinn_simple_flora_water_f, layout_loops_ring, hex_medium
D:2:      layout_loops_ring, elyvilon_altar_5
D:3:      layout_loops_corners, first_ration, portal_sewer_entry_e,
          okawaru_ov_weapons_minmay
Sewer:    sewer_minmay_w

Skill      XL: |  1  2  3  4  5 |
---------------+----------------+-----
Spellcasting   | 3 |  3.9
Transmutations | 3 |  3.7
Ice Magic      | 1 |  1.3
Fighting       | |  1.0
Dodging        | |  2.0
Unarmed Combat | |  3.0

Action                   |  1- 3 |  4- 6 || total
-------------------------+-------+-------++-------
Melee: Unarmed           |    37 |     4 ||    41
       Constrict         |    17 |    32 ||    49
       Tentacles         |     8 |    14 ||    22
       Short sword       |    30 |    77 ||   107
       Kick              |     7 |       ||     7
       Punch             |       |     1 ||     1
 Cast: Beastly Appendage |     9 |       ||     9
       Spider Form       |       |     1 ||     1
 Abil: End Transformatio |       |     1 ||     1
  Use: Potion            |     1 |       ||     1
       Scroll            |     6 |     1 ||     7
 Stab: Sleeping          |     7 |     6 ||    13
  Eat: Chunk             |     4 |     3 ||     7
Armor: Skin              |     5 |    10 ||    15
Dodge: Dodged            |    55 |    78 ||   133

Table legend:
 A = Non-vault XP
 B = Vault XP
 C = Vault XP percentage of total XP
 D = Non-vault monster count
 E = Vault monster count
 F = Vault count percentage of total count
                 A         B        C        D         E       F
            +---------+---------+-------+---------+---------+-------
      Total |     105 |     140 |  57.1 |      39 |      47 |  54.7
            +---------+---------+-------+---------+---------+-------
        D:1 |      33 |       0 |   0.0 |      20 |       0 |   0.0
        D:2 |      41 |       0 |   0.0 |       8 |       0 |   0.0
        D:3 |      31 |      13 |  29.5 |      11 |       8 |  42.1
      Sewer |       0 |     127 | 100.0 |       0 |      39 | 100.0
            +---------+---------+-------+---------+---------+-------
